 Dungeon Crawl Stone Soup version 0.29.1-12-g30fa7ad0bf (webtiles) character file.

Game seed: 887560280059836454

6280 112233 the Thaumaturge (level 10, -9/72 HPs)
             Began as a Deep Elf Earth Elementalist on Dec 18, 2022.
             Was a Follower of Sif Muna.
             Killed from afar by an acid dragon (16 damage)
             ... with a splash of acid
             ... on level 8 of the Dungeon.
             The game lasted 00:09:07 (11505 turns).

112233 the Thaumaturge (DEEE)                      Turns: 11505, Time: 00:09:07

Health: -9/72      AC: 24    Str:  5    XL:     10   Next: 63%
Magic:  17/28      EV: 15    Int: 25    God:    Sif Muna [*.....]
Gold:   475        SH:  5    Dex: 15    Spells: 18/34 levels left

rFire   + . .      SeeInvis .   q - +6 dagger (holy)
rCold   . . .      Faith    .   (no shield)
rNeg    + . .      Spirit   .   (body armour currently unavailable)
rPois   ∞          Reflect  +   s - +1 helmet
rElec   +          Harm     .   (no cloak)
rCorr   .          Rampage  .   (gloves currently unavailable)
Will    ++...                   (boots currently unavailable)
Stlth   ++........              F - amulet of reflection
HPRegen 0.22/turn               e - ring of willpower
MPRegen 0.21/turn               t - ring of protection from fire

@: statue-form, corroded, studying Fighting, very slow
A: slow and powerful, torment resistance 1, boosted hp
a: End Transformation, Renounce Religion, Channel Magic


You were on level 8 of the Dungeon.
You worshipped Sif Muna.
Sif Muna was aware of your devotion.
You were a living statue of rough stone.
You visited 2 branches of the dungeon, and saw 10 of its levels.

You collected 475 gold pieces.

Inventory:

Hand Weapons
 d - a +0 dagger
 g - a +2 dagger of venom
 q - a +6 dagger of holy wrath (weapon)
Armour
 n - a +0 pair of boots (melded)
 r - a +2 animal skin (melded)
 s - a +1 helmet (worn)
 v - a +0 hat
 B - a +0 pair of gloves (melded)
 H - +2 acid dragon scales
Jewellery
 e - a ring of willpower (left fist)
 t - a ring of protection from fire (right fist)
 F - an amulet of reflection (around neck)
Wands
 u - a wand of iceblast (5)
 y - a wand of polymorph (7)
 I - a wand of mindburst (9)
 J - a wand of flame (24)
Scrolls
 a - 2 scrolls of magic mapping
 c - 8 scrolls of identify
 f - a scroll of enchant armour
 h - a scroll of vulnerability
 j - 2 scrolls of butterflies
 k - 5 scrolls of teleportation
 A - a scroll of immolation
 C - 2 scrolls of silence {unknown}
 E - a scroll of amnesia {unknown}
 K - a scroll of blinking {unknown}
Potions
 b - a potion of magic
 i - 3 potions of mutation {unknown}
 l - a potion of experience {unknown}
 m - a potion of resistance {unknown}
 o - 2 potions of lignification {unknown}
 p - a potion of berserk rage {unknown}
 w - 2 potions of attraction {unknown}
 x - 3 potions of heal wounds {unknown}
 z - 2 potions of curing {unknown}
 D - 2 potions of brilliance {unknown}
 G - a potion of degeneration {unknown}


   Skills:
 + Level 3.7 Fighting
 * Level 6.9 Dodging
 - Level 2.9 Stealth
 + Level 12.9 Spellcasting
 + Level 3.7 Conjurations
 + Level 3.7 Transmutations
 + Level 11.2 Earth Magic


You had 18 spell levels left.
You knew the following spells:

 Your Spells              Type           Power      Damage    Failure   Level
a - Sandblast             Erth           100%       2d20      1%          1
b - Stone Arrow           Conj/Erth      100%       3d13      1%          3
c - Passwall              Tmut/Erth      43%        N/A       1%          2
d - Petrify               Tmut/Erth      52%        N/A       1%          4
e - Statue Form           Tmut/Erth      34%        N/A       26%         6

Your spell library contained the following spells:

 Spells                   Type           Power      Damage    Failure   Level
 Portal Projectile        Hex/Tloc       32%        N/A       11%         3
 Tukima's Dance           Hex            16%        N/A       11%         3
 Blade Hands              Tmut           17%        N/A       22%         5
 Metabolic Englaciation   Hex/Ice        8%         N/A       71%         5


Dungeon Overview and Level Annotations

Branches:
Dungeon (9/15)             Temple (1/1) D:5
   Lair: D:8-11         Orc: D:9-12

Altars:
Ashenzari
Cheibriados
Elyvilon
Fedhas
Gozag
Hepliaklqana
Makhleb
Nemelex Xobeh
Okawaru
Qazlal
Ru
Sif Muna
Uskayaw
Xom
Yredelemnul
Zin
The Shining One

Shops:
D:1 :   D:6 *

Annotations:
D:7 1 runed translucent door
D:8 1 runed translucent door, exclusion: 2 downstairs, NerdRage255's ghost, novice MiBe
D:9 Harold


Message History

The centaur wields a +0 shortbow.
The centaur shoots an arrow.
The arrow misses you.
A centaur comes into view.
You hear a shout!
Unknown command.
There is a stone staircase leading up here.
The centaur shoots an arrow.
The arrow hits you.
The orc warrior hits you from afar with a +0 trident.
The acid dragon spits acid at you. The splash of acid hits you!
The acid corrodes you!
The deep elf pyromancer gestures wildly while chanting.
The centaur shoots an arrow.
The arrow hits you!
* * * LOW HITPOINT WARNING * * *
You hear a roar!
You hear a howl!
You hear a shout! x2; You hear a bellow!
You climb upwards.
Level annotation: 1 runed translucent door, exclusion: 2 downstairs, NerdRage255's ghost, novice MiBe
There is a stone staircase leading down here.
Unknown command.
Okay, then.
Okay, then.
Casting: Stone Arrow (safe; 1% risk of failure)
Confirm with . or Enter, or press ? or * to list all spells.
The spell is extremely dangerous to miscast (26% risk of failure)!
Continue anyway?
You turn into a living statue of rough stone.
Your +0 pair of gloves melds into your body.
Your +0 pair of boots melds into your body.
Your +2 animal skin melds into your body.
The acid dragon barely misses you. The acid dragon closely misses you.
Unknown command.
Casting: Statue Form (quite dangerous; 26% risk of failure)
Confirm with . or Enter, or press ? or * to list all spells.
Aiming: Stone Arrow (safe; 1% risk of failure)
Press: ? - help, Shift-Dir - straight line, f - acid dragon
Aim: an acid dragon (moderately wounded, catching its breath, 78% to hit)
The stone arrow misses the acid dragon.
The acid dragon bites you!
* * * LOW HITPOINT WARNING * * *
You block the acid dragon's attack. The acid dragon spits acid at you.
The splash of acid hits you!
You die...

...##'### #.##.#####........#..
........#####.##.######.8.8.8.#..
.....[<.'.....##..)>).#..........
##......##....#######[###...##...
##......'.....#######)# ##.###...
##......#.....'..#...)# #.# #...
##......#.....##.#..[[# #.# #...
#########.......D#...)# #.# #...
#.......8#....# #.# #...
#.............####.###...
#.............#......#...
#.............#.#........
#.................#.###..
#....##..##..##...#.###..
#...####....####......... #...##
##..## ##.##.###.# #.#..## #.)#
##.....# #.#


You could see an acid dragon (catching breath).

Vanquished Creatures
  A boulder beetle (D:6)
  A centaur warrior (D:8)
  2 two-headed ogres (D:8)
  Joseph (D:7)
  A gargoyle (D:8)
  Maggie (D:8)
  Sigmund (D:3)
  A steam dragon (D:8)
  An acid dragon (D:8)
  2 water moccasins
  3 orc warriors
  2 sky beasts
  An ice beast (D:7)
  A black bear (D:6)
  A centaur (D:6)
  A kobold brigand (D:8)
  2 bullfrogs
  A scorpion (D:6)
  4 necrophages
  5 wights (D:8)
  3 killer bees (D:7)
  2 howler monkeys
  3 jellies
  2 hounds (D:5)
  3 iguanas
  5 orc priests
  Natasha (thrice) (D:4)
  4 orc wizards
  Robin (D:3)
  8 adders
  A gnoll (D:6)
  A shadow imp (D:6)
  2 white imps
  An ufetubus (D:5)
  3 worms
  4 dart slugs
  28 orcs
  5 bats
  8 endoplasms
  2 giant cockroaches
  12 hobgoblins
  8 jackals
  7 quokkas
  9 ball pythons
  3 frilled lizards
  18 goblins
  13 kobolds
  9 rats
  A spectral orc (D:8)
202 creatures vanquished.

Notes
Turn   | Place    | Note
-------+----------+-------------------------------------------
     0 | D:1      | 112233 the Deep Elf Earth Elementalist began the quest for
                  | the Orb.
     0 | D:1      | Reached XP level 1. HP: 10/10 MP: 6/6
   184 | D:1      | Reached XP level 2. HP: 13/15 MP: 5/8
   545 | D:1      | Found Usod's Book Boutique.
   792 | D:1      | Reached XP level 3. HP: 16/19 MP: 6/10
  1326 | D:2      | Found a faded altar of an unknown god.
  1633 | D:2      | Reached skill level 4 in Spellcasting
  1961 | D:2      | Reached XP level 4. HP: 17/24 MP: 7/12
  2713 | D:3      | Noticed Natasha
  2725 | D:4      | Killed Natasha
  2726 | D:4      | Reached skill level 5 in Spellcasting
  2726 | D:4      | Reached XP level 5. HP: 10/28 MP: 7/14
  2926 | D:3      | Noticed Sigmund
  2964 | D:3      | Killed Sigmund
  2965 | D:3      | Reached skill level 6 in Spellcasting
  2965 | D:3      | Reached skill level 5 in Earth Magic
  2965 | D:3      | Reached XP level 6. HP: 18/32 MP: 12/17
  3144 | D:3      | Noticed Robin
  3176 | D:3      | Killed Robin
  3705 | D:4      | Found a stormy altar of Qazlal.
  3709 | D:4      | Noticed a fire elemental
  3709 | D:4      | Noticed an air elemental
  3709 | D:4      | Noticed a water elemental
  3920 | D:4      | Noticed Natasha
  3926 | D:4      | Killed Natasha
  3994 | D:4      | Found a sacrificial altar of Ru.
  4300 | D:4      | Found a sparkling altar of Nemelex Xobeh.
  4435 | D:5      | Entered Level 5 of the Dungeon
  4610 | D:5      | Reached skill level 7 in Spellcasting
  4796 | D:5      | Reached XP level 7. HP: 36/36 MP: 17/19
  5184 | D:5      | Found a staircase to the Ecumenical Temple.
  5628 | Temple   | Entered the Ecumenical Temple
  5819 | Temple   | Became a worshipper of Sif Muna the Loreminder
  6198 | D:6      | Learned a level 3 spell: Stone Arrow
  6201 | D:6      | Learned a level 2 spell: Passwall
  6210 | D:6      | Reached skill level 8 in Spellcasting
  6577 | D:6      | Found Zin's Purification Station.
  6586 | D:6      | Found a glowing silver altar of Zin.
  6851 | D:6      | Noticed a boulder beetle
  6879 | D:6      | Reached XP level 8. HP: 41/41 MP: 18/22
  6912 | D:6      | Reached skill level 9 in Spellcasting
  7101 | D:6      | Found a white marble altar of Elyvilon.
  7600 | D:7      | Found a runed translucent door.
  7932 | D:8      | Noticed a two-headed ogre
  8153 | D:7      | Reached skill level 10 in Spellcasting
  8529 | D:8      | Reached skill level 11 in Spellcasting
  8531 | D:9      | Noticed a hellwing
  8532 | D:9      | Noticed a rust devil
  8535 | D:8      | Reached XP level 9. HP: 23/45 MP: 2/26
  8690 | D:8      | Reached * piety under Sif Muna
  8951 | D:8      | Reached skill level 10 in Earth Magic
  9021 | D:8      | Found a hide-covered altar of Uskayaw.
  9203 | D:8      | Found a runed translucent door.
  9204 | D:8      | Noticed a two-headed ogre
  9204 | D:8      | Noticed NerdRage255's ghost (novice MiBe)
  9250 | D:8      | Noticed a gargoyle
  9259 | D:8      | Killed a gargoyle
  9260 | D:8      | Reached skill level 12 in Spellcasting
  9269 | D:7      | Found a hazy altar of Hepliaklqana.
  9297 | D:7      | Noticed Joseph
  9319 | D:8      | Killed a two-headed ogre
  9320 | D:8      | Reached skill level 1 in Fighting
  9320 | D:8      | Reached skill level 1 in Conjurations
  9325 | D:8      | Learned a level 4 spell: Petrify
  9332 | D:8      | Learned a level 6 spell: Statue Form
  9430 | D:8      | Noticed a centaur warrior
  9434 | D:8      | Killed a centaur warrior
  9435 | D:8      | Reached skill level 5 in Dodging
  9435 | D:8      | Reached XP level 10. HP: 42/53 MP: 13/28
  9653 | D:8      | Noticed Maggie
  9657 | D:8      | Killed Maggie
  9879 | D:8      | Found a basalt altar of Yredelemnul.
  9974 | D:8      | Noticed a two-headed ogre
  9978 | D:8      | Killed a two-headed ogre
 10257 | D:9      | Noticed a skeletal warrior
 10297 | D:6      | Killed a boulder beetle
 10511 | D:6      | Found an iron altar of Okawaru.
 10781 | D:4      | Noticed Natasha
 10784 | D:4      | Killed Natasha
 10936 | D:7      | Killed Joseph
 11499 | D:9      | Noticed a catoblepas
 11500 | D:9      | Noticed a deep elf pyromancer
 11502 | D:9      | Noticed Harold
 11505 | D:8      | Killed from afar by an acid dragon

Illustrated notes

Levels and vault maps discovered:
D:1:      scummos_arrival_hexagon, layout_loops_ring, serial_shops, shop_coins
D:2:      layout_loops_corners, shapermc_ecumenical_altar_venn,
          minmay_splitting_lines
D:3:      layout_rooms, wander_ebering_terrifying_dragon_lair, uniq_sigmund,
          uniq_robin, uniq_natasha
D:4:      layout_basic, nicolae_ru_sacrificial_ziggurat,
          nicolae_qazlal_style_of_elements, mainiacjoe_overflow_alcove_4,
          chequers_ossuary_entry_cave
D:5:      corexii_shack_village, layout_rooms, minmay_temple_entry_poolview,
          serial_co_window_serial, co_window_corner_a,
          co_window_of_opportunity_a, co_window_paths_a,
          co_window_of_opportunity_a, co_window_paths_a, co_window_paths_a,
          co_window_paths_a, co_window_broadway_c, co_window_corner_b,
          co_window_of_opportunity_c, co_window_broadway_c,
          co_window_broadway_a, co_window_corner_cb, co_window_paths_d,
          glass_columns_a, glass_columns_c, glass_columns_b, glass_columns_a,
          ebering_dispersal_statue_hall, st_stairs_9
D:6:      layout_cave_pods, old_standard_altar, zin_purify,
          okawaru_altar_gauntlet_db
D:7:      layout_basic, nicolae_hepliaklqana_hazy_memory,
          lightli_church_of_beogh, uniq_joseph
D:8:      layout_basic, eat_drink_and_be_merry_uskayaw,
          yredelemnul_forgotten_temple_becter, ebering_ghost_inner_flame,
          palyth_stone_intersect, minmay_manual_maat, uniq_maggie
D:9:      cheibrodos_fzero, layout_rooms, nicolae_overflow_quartered_altars,
          old_standard_altar, erik_lair_dragon, serial_demonic,
          serial_demonic_f, serial_demonic_b, serial_demonic_d,
          serial_demonic_d, wad_rectangle_vault, uniq_harold
Temple:   nicolae_temple_bog_church

Skill      XL: |  1  2  3  4  5  6  7  8  9 10 |
---------------+-------------------------------+-----
Earth Magic    | 4 5 6 7 9 10 11 | 11.2
Spellcasting   | 4 5 6 7 8 11 12 | 12.9
Fighting       | 1 3 |  3.7
Dodging        | 5 6 |  6.9
Conjurations   | 2 3 |  3.7
Transmutations | 2 3 |  3.7
Stealth        | |  2.9

Action                   |  1- 3 |  4- 6 |  7- 9 | 10-12 || total
-------------------------+-------+-------+-------+-------++-------
Melee: Unarmed           |     3 |       |       |       ||     3
       Dagger            |     4 |     4 |     3 |     6 ||    17
 Cast: Sandblast         |    74 |    93 |    32 |     1 ||   200
       Stone Arrow       |       |       |    83 |    51 ||   134
       Statue Form       |       |       |       |     2 ||     2
       Petrify           |       |       |       |     1 ||     1
  Use: Potion            |       |     1 |       |       ||     1
       Scroll            |       |       |     5 |       ||     5
 Stab: Sleeping          |     1 |       |       |       ||     1
       Petrified         |       |       |       |     4 ||     4
       Petrifying        |       |       |       |     1 ||     1
Armor: Robe              |    12 |     3 |       |       ||    15
       Animal skin       |       |     8 |    18 |     4 ||    30
       Skin              |       |       |       |     5 ||     5
Dodge: Dodged            |    39 |    22 |    29 |    13 ||   103
Block: Other             |       |       |     6 |     4 ||    10
